 Dungeon Crawl Stone Soup version 0.31-a0-1-g4198be8af4 (webtiles) character file.

Game seed: 11721011231060259030

11875 Pooter the Cleaver (level 11, -21/151 HPs)
             Began as a Minotaur Berserker on May 2, 2023.
             Was a Priest of Trog.
             Demolished by an orc knight
             ... wielding a +0 great sword
              (24 damage)
             ... on level 1 of the Orcish Mines.
             The game lasted 00:54:50 (14831 turns).

Pooter the Cleaver (Minotaur Berserker)            Turns: 14831, Time: 00:54:51

Health: -21/151    AC: 20    Str: 24    XL:     11   Next: 55%
Magic:  10/10      EV:  7    Int:  4    God:    Trog [***...]
Gold:   1153       SH:  5    Dex: 12    Spells: 10/10 levels left

rFire   + . .        a - +5 scythe "Finisher" {speed, execute}
rCold   . . .        (shield currently unavailable)
rNeg    . . .        H - +4 plate armour
rPois   .            (helmet restricted)
rElec   .            r - +2 cloak {rCorr}
rCorr   +            i - +0 pair of gloves
SInv    +            k - +0 pair of boots
Will    ++...        C - amulet of reflection Stlth
                     S - ring of see invisible
HPRegen 1.45/turn    F - ring of protection from fire
MPRegen 0.12/turn

%: reflection
@: berserking, strong-willed (expiring), regenerating (expiring), very quick
A: horns 2, retaliatory headbutt
a: Renounce Religion, Berserk, Trog's Hand


You were on level 1 of the Orcish Mines.
You worshipped Trog.
Trog was most pleased with you.
You visited 2 branches of the dungeon, and saw 12 of its levels.

You collected 1153 gold pieces.

Inventory:

Hand Weapons
 a - the +5 scythe "Finisher" (weapon) {speed, execute}
   (You found it on level 7 of the Dungeon)
 b - a +2 arbalest of flaming
   (You found it on level 4 of the Dungeon)
 s - a +0 broad axe
   (You took it off an orc warrior on level 1 of the Orcish Mines)
 x - a +2 flail of holy wrath
   (You took it off a gnoll on level 3 of the Dungeon)
 I - a +0 heavy flail
   (You took it off an orc on level 8 of the Dungeon)
Missiles
 A - 2 throwing nets {!f}
 B - 5 poisoned darts
 E - 4 boomerangs
 L - 3 silver boomerangs
 Q - 80 stones (quivered)
Armour
 i - a +0 pair of gloves (worn)
   (You found it on level 7 of the Dungeon)
 k - a +0 pair of boots (worn)
   (You found it on level 6 of the Dungeon)
 r - a +2 cloak of preservation (worn)
   (You took it off Crazy Yiuf on level 6 of the Dungeon)
 H - a +4 plate armour (worn)
   (You took it off an orc warrior on level 8 of the Dungeon)
Jewellery
 v - an amulet of the acrobat
   (You took it off a gnoll on level 3 of the Dungeon)
 C - an amulet of reflection (around neck)
   (You found it on level 7 of the Dungeon)
 F - a ring of protection from fire (right hand)
   (You took it off an orc priest on level 4 of the Dungeon)
 G - a ring of ice
   (You found it on level 7 of the Dungeon)
 K - a +6 ring of intelligence
   (You found it on level 10 of the Dungeon)
 S - a ring of see invisible (left hand)
   (You took it off an orc on level 5 of the Dungeon)
Wands
 d - a wand of polymorph (6)
   (You found it on level 2 of the Dungeon)
 f - a wand of flame (68)
   (You found it on level 3 of the Dungeon)
 u - a wand of paralysis (10)
   (You found it on level 8 of the Dungeon)
Scrolls
 g - 3 scrolls of magic mapping
 j - 2 scrolls of immolation {!r}
 o - 2 scrolls of vulnerability {!r}
 q - 3 scrolls of fog
 t - 3 scrolls of teleportation {@r4}
 y - a scroll of noise {!r}
 z - 2 scrolls of blinking
Potions
 c - a potion of might {unknown}
 e - 2 potions of magic {unknown}
 h - 3 potions of mutation {!q}
 l - a potion of berserk rage {unknown}
 m - a potion of resistance {unknown}
 n - 2 potions of brilliance {unknown}
 p - 3 potions of heal wounds {@q2}
 w - 2 potions of curing {unknown}
 D - 2 potions of attraction {unknown}
 J - a potion of haste {@q3}


   Skills:
 + Level 10.6 Fighting
 + Level 13.4(14.2) Axes
 * Level 7.2(11.3) Polearms
 * Level 11.8 Ranged Weapons
 - Level 2.4 Armour
 - Level 2.1 Dodging


You had 10 spell levels left.
You didn't know any spells.
Your spell library was empty.

Dungeon Overview and Level Annotations

Branches:
Dungeon (10/15)            Temple (0/1) D:5            Lair (0/5) D:10
    Orc (2/2) D:10            Elf (0/3) Orc:2

Altars:
Ashenzari
Cheibriados
Gozag
Hepliaklqana
Okawaru
Ru
Sif Muna

Shops:
D:7 [


Innate Abilities, Weirdness & Mutations

You have a pair of horns on your head.
You reflexively headbutt those who attack you in melee.


Message History

The orc high priest mumbles some strange prayers.
You block the orc high priest's attack.
The orc knight hits you with a +0 battleaxe!
The orc knight roars a battlecry!
The orcs go into a battle-frenzy!
You block the orc high priest's attack.
The orc knight roars a battlecry!
The orc knight goes into a battle-frenzy!
The orc knight hits you with a +0 great sword!!
There is a stone staircase leading up, spattered with blood here.
The orc knight barely misses you.
The orc knight hits you with a +0 great sword!
* * * LOW HITPOINT WARNING * * *
The orc high priest hits you but does no damage.
You climb upwards.
There is a stone staircase leading down here.
A red film seems to cover your vision as you go berserk!
You feel yourself moving faster!
You feel mighty!
The orc knight hits you with a +0 great sword!!
* * * LOW HITPOINT WARNING * * *
You block the orc knight's attack.
You hit the orc knight. Your headbutt misses the orc knight.
You closely miss the orc knight.
You feel the effects of Trog's Hand fading.
The orc knight hits you with a +0 great sword!!
* * * LOW HITPOINT WARNING * * *
The orc knight hits you with a +0 battleaxe.
* * * LOW HITPOINT WARNING * * *
You closely miss the orc knight. Your headbutt misses the orc knight.
The orc knight hits you with a +0 great sword!!
* * * LOW HITPOINT WARNING * * *
The orc knight closely misses you.
Unknown command.
You barely miss the orc knight. You puncture the orc knight!
The orc knight hits you but does no damage.
The orc knight closely misses you.
Unknown command.
Unknown command.
You barely miss the orc knight. The orc knight completely misses you.
The orc knight barely misses you.
You barely miss the orc knight. You closely miss the orc knight.
The orc knight closely misses you.
The orc knight hits you with a +0 battleaxe.
* * * LOW HITPOINT WARNING * * *
You hit the orc knight.
You blow up the orc knight!
Trog accepts your kill.
The orc knight hits you with a +0 great sword!!
You die...

#..........#...#..#...###......
##....#.....#..#.....###.......
##..........[....#..#.##.#....
##.....................##....
##....#....)............##.#.
#.......................#####
##.#...)....[.)...#....##
####...#....)#...###.##
####....@....########
##.#..o.)..#..#..#.####
##...................#.##
#.......................#
##...................##.##
#.....#............#.##.##
##.#...#.##.......#......#
####.##.#...........##.##
#.........#.#....#####


You could see an orc knight (strong).

Vanquished Creatures
  2 two-headed ogres
  An orc high priest (Orc:1)
  A skeletal warrior (D:7)
  2 orc knights (Orc:1)
  Pikel (D:4)
  An orc sorcerer (Orc:1)
  Maggie (D:6)
  A rime drake (D:10)
  A meliai (D:9)
  A troll (Orc:2)
  A hellwing (D:6)
  A wyvern (D:9)
  12 yaks
  3 wraiths (D:7)
  A water moccasin (D:8)
  Duvessa (D:5)
  9 orc warriors
  6 ice beasts
  A black bear (D:6)
  An ogre (Orc:2)
  2 wolves (D:10)
  2 centaurs
  4 bullfrogs
  A gnoll sergeant (D:7)
  2 scorpions
  4 wights (D:9)
  A killer bee (Orc:2)
  Dowan (D:5)
  6 howler monkeys
  A jelly (D:8)
  19 orc priests
  2 gnoll boudas
  4 hounds
  Crazy Yiuf (D:6)
  4 iguanas
  Jessica (D:2)
  15 orc wizards
  Robin (D:2)
  20 gnolls
  9 adders
  A white imp (D:5)
  An ufetubus (D:5)
  2 worms
  5 dart slugs
  62 orcs
  8 ball pythons
  3 bats
  9 endoplasms
  A giant cockroach (D:3)
  15 goblins
  7 hobgoblins
  2 jackals (D:2)
  5 kobolds
  4 quokkas
  2 frilled lizards
  7 rats
282 creatures vanquished.

Notes
Turn   | Place    | Note
-------+----------+-------------------------------------------
     0 | D:1      | Pooter the Minotaur Berserker began the quest for the Orb.
     0 | D:1      | Reached XP level 1. HP: 19/19 MP: 0/0
    90 | D:1      | Reached skill level 4 in Axes
   125 | D:1      | Reached XP level 2. HP: 24/27 MP: 1/1
   203 | D:1      | Found a faded altar of an unknown god.
   241 | D:1      | You fall into a shaft and drop 1 floor!
   279 | D:2      | Reached XP level 3. HP: 19/33 MP: 2/2
   477 | D:1      | Reached ** piety under Trog
   973 | D:2      | Noticed Robin
   990 | D:2      | Killed Robin
   991 | D:2      | Reached skill level 5 in Axes
  1118 | D:2      | Noticed Jessica
  1126 | D:2      | Killed Jessica
  1127 | D:2      | Reached XP level 4. HP: 38/41 MP: 3/3
  1715 | D:3      | Found a large runed translucent door.
  1719 | D:3      | Reached skill level 6 in Axes
  1759 | D:3      | Reached XP level 5. HP: 47/47 MP: 4/4
  1848 | D:3      | Reached skill level 5 in Fighting
  2034 | D:3      | Found a large runed translucent door.
  2513 | D:3      | Reached *** piety under Trog
  2514 | D:3      | Reached skill level 1 in Ranged Weapons
  2581 | D:3      | Found a snail-covered altar of Cheibriados.
  2609 | D:3      | Found a sacrificial altar of Ru.
  2811 | D:3      | Found an opulent altar of Gozag.
  2836 | D:3      | Found a broken altar of Ashenzari.
  2905 | D:4      | Reached XP level 6. HP: 51/56 MP: 5/5
  2947 | D:4      | Noticed Pikel
  2965 | D:4      | Killed Pikel
  2966 | D:4      | Reached skill level 8 in Axes
  2966 | D:4      | Reached XP level 7. HP: 15/63 MP: 6/6
  4447 | D:5      | Entered Level 5 of the Dungeon
  4451 | D:5      | Reached XP level 8. HP: 68/71 MP: 7/7
  4473 | D:5      | Reached skill level 5 in Ranged Weapons
  4473 | D:5      | Noticed Duvessa
  4966 | D:5      | Found a staircase to the Ecumenical Temple.
  5028 | D:5      | Noticed Dowan
  5037 | D:5      | Killed Duvessa
  5038 | D:5      | Reached skill level 9 in Axes
  5096 | D:5      | Killed Dowan
  5847 | D:5      | Found a hazy altar of Hepliaklqana.
  5847 | D:5      | Found an iron altar of Okawaru.
  6269 | D:6      | Noticed Grinder
  6272 | D:6      | Grinder changed into Grinder the hellwing
  6272 | D:6      | Noticed Grinder
  6279 | D:6      | Killed Grinder the hellwing
  6280 | D:6      | Reached skill level 10 in Axes
  6378 | D:6      | Found a runed translucent door.
  6379 | D:6      | Noticed Crazy Yiuf
  6442 | D:6      | Noticed Maggie
  6449 | D:6      | Killed Maggie
  6450 | D:6      | Reached XP level 9. HP: 79/79 MP: 8/8
  7051 | D:6      | Killed Crazy Yiuf
  7426 | D:7      | Noticed a two-headed ogre
  7436 | D:7      | Killed a two-headed ogre
  7437 | D:7      | Reached skill level 11 in Axes
  7596 | D:7      | Reached **** piety under Trog
  8469 | D:7      | Noticed a skeletal warrior
  8479 | D:7      | Killed a skeletal warrior
  8480 | D:7      | Reached skill level 12 in Axes
  8480 | D:7      | Reached XP level 10. HP: 91/91 MP: 9/9
  8567 | D:7      | Found the +5 scythe "Finisher" {speed, execute}
  8668 | D:7      | Found Ymionuc's Armour Emporium.
  9619 | D:8      | Reached skill level 1 in Polearms
  9754 | D:8      | Reached skill level 10 in Ranged Weapons
 10226 | D:8      | Found a shimmering blue altar of Sif Muna.
 11175 | D:9      | Reached skill level 13 in Axes
 11280 | D:9      | Noticed a two-headed ogre
 11285 | D:9      | Killed a two-headed ogre
 11286 | D:9      | Reached skill level 5 in Polearms
 11286 | D:9      | Reached XP level 11. HP: 99/99 MP: 10/10
 11706 | D:10     | Entered Level 10 of the Dungeon
 11765 | D:10     | Reached skill level 10 in Fighting
 12660 | D:10     | Found a staircase to the Lair.
 12727 | D:10     | Found a staircase to the Orcish Mines.
 12734 | Orc:1    | Entered Level 1 of the Orcish Mines
 13131 | Orc:2    | Entered Level 2 of the Orcish Mines
 13134 | Orc:2    | Noticed an orc knight
 13191 | Orc:1    | Killed an orc knight
 13687 | Orc:1    | You fall into a shaft and drop 1 floor!
 13687 | Orc:2    | Found a staircase to the Elven Halls.
 14772 | Orc:2    | Noticed an orc high priest
 14773 | Orc:2    | Noticed an orc high priest
 14774 | Orc:2    | Noticed an orc sorcerer
 14777 | Orc:2    | Noticed an orc sorcerer
 14778 | Orc:2    | Noticed an orc knight
 14784 | Orc:1    | Killed an orc high priest
 14806 | Orc:2    | Noticed an orc knight
 14812 | Orc:1    | Killed an orc sorcerer
 14825 | Orc:1    | HP: 2/151 [orc knight/+0 great sword (32)]
 14830 | Orc:1    | HP: 2/151 [orc knight/+0 battleaxe (5)]
 14831 | Orc:1    | Killed an orc knight
 14831 | Orc:1    | Demolished by an orc knight

Illustrated notes

Levels and vault maps discovered:
D:1:      dpeg_arrival_erosion, layout_rooms, nicolae_ecumenical_snake_handling
D:2:      layout_basic, minmay_misc_feat_four_crosses, uniq_robin, uniq_jessica
D:3:      layout_basic, jmf_multi_god_temple2, mainiacjoe_overflow_two_lobes,
          grunt_ministairs_4
D:4:      minmay_diamond_boxcup, layout_loops_corners, uniq_pikel
D:5:      layout_basic, gammafunk_temple_overflow_elements,
          minmay_temple_entry_large_hall, dk_noncrumbling_4, uniq_duvessa
D:6:      layout_loops_corners, uniq_crazy_yiuf_cottage, uniq_maggie,
          uniq_grinder
D:7:      hellmonk_crumbling_castle, layout_loops_ring,
          nicolae_wooded_promenade, minmay_guarded_unrand_finisher
D:8:      layout_basic, mainiacjoe_overflow_alcove_4, supply_closet_lemuel
D:9:      layout_stronghold, minmay_three_doors
D:10:     layout_stronghold, hellmonk_lair_entry_icy, orc_0_dummy,
          minmay_fractal_squares_5
Orc:1:    layout_caves
Orc:2:    st_orc_elflike, layout_caves, basic_altar

Skill      XL: |  1  2  3  4  5  6  7  8  9 10 11 |
---------------+----------------------------------+-----
Axes           | 4 5 6 8 10 12 13 | 13.4
Fighting       | 4 5 6 7 9 10 | 10.6
Ranged Weapons | 1 3 4 7 9 11 | 11.8
Polearms       | 5 7 |  7.2
Armour         | |  2.4
Dodging        | |  2.1

Action                     |  1- 3 |  4- 6 |  7- 9 | 10-12 || total
---------------------------+-------+-------+-------+-------++-------
  Melee: Hand axe          |    82 |       |       |       ||    82
         Headbutt          |    10 |    12 |    23 |    38 ||    83
         Trident           |    10 |    91 |    27 |       ||   128
         Punch             |       |     1 |     1 |       ||     2
         Flail             |       |    14 |     5 |       ||    19
         Morningstar       |       |       |    90 |       ||    90
         War axe           |       |       |    38 |       ||    38
         Scythe            |       |       |       |   193 ||   193
   Fire: Sling             |       |       |    17 |       ||    17
         Arbalest          |       |       |   101 |   111 ||   212
  Throw: Dart              |       |       |     3 |       ||     3
         Stone             |       |       |       |     1 ||     1
 Invoke: Trog's Hand       |       |     2 |     9 |    15 ||    26
         Berserk           |       |     1 |    11 |     4 ||    16
  Evoke: Wand              |       |       |     6 |     1 ||     7
    Use: Scroll            |     5 |     3 |     9 |     8 ||    25
 Armour: Ring mail         |    28 |       |       |       ||    28
         Animal skin       |     1 |       |       |       ||     1
         Scale mail        |    14 |     9 |       |       ||    23
         Chain mail        |       |    30 |    87 |     1 ||   118
         Plate armour      |       |       |       |   119 ||   119
  Dodge: Dodged            |    48 |    36 |   107 |    74 ||   265
  Block: Other             |       |       |     2 |    43 ||    45

Table legend: (Time is in decaauts)
 A = Elapsed time spent in this place.
 B = Non-inter-level travel time spent in this place.
 C = Inter-level travel time spent in this place.
 D = Time resting spent in this place.
 E = Time spent auto-exploring this place.
 F = Levels seen in this place.
 G = Mean time per level.
                   A        B        C        D        E       F      G
               +--------+--------+--------+--------+--------+-----+--------+
         Total |  15154 |  14962 |    192 |   5425 |   7267 |  12 | 1262.8 |
       Dungeon |  13015 |  12848 |    167 |   4150 |   6900 |  10 | 1301.5 |
  Orcish Mines |   2139 |   2114 |     25 |   1275 |    367 |   2 | 1069.5 |
               +--------+--------+--------+--------+--------+-----+--------+

Top non-repeatable levels by time:
     D:7: 1837 daAuts
     D:4: 1794 daAuts
     D:3: 1492 daAuts
     D:5: 1489 daAuts
   Orc:1: 1479 daAuts
     D:9: 1465 daAuts
     D:8: 1415 daAuts
     D:6: 1120 daAuts
    D:10: 992 daAuts
     D:2: 849 daAuts
   Orc:2: 659 daAuts
     D:1: 558 daAuts
